 Dungeon Crawl Stone Soup version 0.28-a0-872-g80cf8599ee (webtiles) character file.

Game seed: 15843025199199449796

261 bande the Covered (level 6, -1/38 HPs)
             Began as a Gargoyle Fighter on Nov 21, 2021.
             Slain by Edmund (8 damage)
             ... on level 4 of the Dungeon.
             The game lasted 00:06:54 (3667 turns).

bande the Covered (Gargoyle Fighter)                Turns: 3667, Time: 00:06:55

Health: -1/38      AC: 15    Str: 19    XL:     6   Next: 18%
Magic:  6/6        EV:  7    Int:  9    God:
Gold:   116        SH:  4    Dex: 11    Spells: 5/5 levels left

rFire   . . .      SeeInvis .   a - +1 war axe (vorpal)
rCold   . . .      Faith    .   c - +0 buckler
rNeg    + . .      Spirit   .   n - +0 chain mail
rPois   ∞          Reflect  .   (no helmet)
rElec   +          Harm     .   m - +0 cloak
rCorr   .          Rampage  .   (no gloves)
Will    .....                   (no boots)
Stlth   ..........              (no amulet)
HPRegen 0.12/turn               (no ring)
MPRegen 0.10/turn               (no ring)

@: mighty, attractive
A: sickness immunity, AC +4, negative energy resistance 1, electricity
resistance, torment resistance 1, petrification resistance
a: no special abilities


You were on level 4 of the Dungeon.
You visited 1 branch of the dungeon, and saw 4 of its levels.
You also visited: Sewer.

You collected 116 gold pieces.

Inventory:

Hand Weapons
 a - a +1 vorpal war axe (weapon)
 l - a +5 flail of protection
Armour
 c - a +0 buckler (worn)
 m - a +0 cloak (worn)
 n - a +0 chain mail (worn)
Jewellery
 k - a ring of ice
Scrolls
 e - a scroll of blinking
 f - 2 scrolls of teleportation
 j - a scroll of enchant weapon
Potions
 g - a potion of brilliance
 h - 2 potions of haste
 i - 3 potions of curing


   Skills:
 + Level 4.1 Fighting
 + Level 4.0 Axes
 + Level 4.7 Armour
 + Level 3.9 Shields


You had 5 spell levels left.
You didn't know any spells.
Your spell library was empty.

Dungeon Overview and Level Annotations

Branches:
Dungeon (4/15)              Sewer (visited)
 Temple: D:4-7

Altars:
Elyvilon
Fedhas
Sif Muna
The Shining One

Annotations:
D:4 Edmund, Natasha


Innate Abilities, Weirdness & Mutations

You are immune to sickness and miasma.
Your stone body is resilient. (AC +4)
You are immune to poison.
You resist negative energy. (rN+)
You are resistant to electric shocks. (rElec)
You are resistant to unholy torment.
You are immune to petrification.


Message History

Natasha mumbles some strange words.
Unknown command.
You hit Edmund.
Edmund is lightly wounded.
You slash the ball python!
You kill the ball python!
You closely miss the kobold. You hit the orc but do no damage.
Edmund hits you with a +1 flail of protection.
You block the kobold's attack. The orc hits you but does no damage.
Edmund hits you with a +1 flail of protection.
The kobold closely misses you.
You hit Edmund but do no damage.
Edmund is lightly wounded.
You slash the water moccasin skeleton! You completely miss the kobold.
Your chain mail prevents you from hitting the orc.
The water moccasin skeleton bites you but does no damage.
Edmund hits you with a +1 flail of protection.
* * * LOW HITPOINT WARNING * * *
The orc hits you but does no damage. The kobold hits you with a +0 dagger.
* * * LOW HITPOINT WARNING * * *
Edmund hits you with a +1 flail of protection.
* * * LOW HITPOINT WARNING * * *
It was a potion of curing.
You feel better. The orc hits you but does no damage.
Edmund closely misses you. The kobold hits you with a +0 dagger.
* * * LOW HITPOINT WARNING * * *
Natasha claws you but does no damage.
It was a potion of attraction.
You feel attractive to monsters. Edmund hits you but does no damage.
The orc hits you with a +0 club.
* * * LOW HITPOINT WARNING * * *
You block the kobold's attack.
Natasha mumbles some strange words.
Natasha shimmers violently.
Natasha barely misses you. Edmund hits you but does no damage.
You feel very mighty all of a sudden. The orc hits you with a +0 club.
* * * LOW HITPOINT WARNING * * *
Edmund hits you with a +1 flail of protection!
You die...

#.#### #.#...
#.#.### ##+#.....
#......#######
#......#......
#######@o.$.........
......h@.....# #
.....5K###+#.# .#
.....(Z #.#+####.#
....... #........#
....... #........+
....... #........#
....... #........+
....... #........# #
###'#########


You could see Edmund (fast), Natasha, a crimson imp (summoned), an orc, a kobold
and a water moccasin skeleton.

Vanquished Creatures
  A bullfrog (Sewer)
  An orc priest (D:3)
  An orc wizard (D:3)
  A hound skeleton (D:4)
  3 adders
  An ufetubus (D:4)
  11 orcs
  7 ball pythons
  4 endoplasms
  11 giant cockroaches
  4 goblins
  6 hobgoblins
  5 quokkas
  8 bats
  13 frilled lizards
  4 kobolds
  4 rats
85 creatures vanquished.

Notes
Turn   | Place    | Note
-------+----------+-------------------------------------------
     0 | D:1      | bande the Gargoyle Fighter began the quest for the Orb.
     0 | D:1      | Reached XP level 1. HP: 14/14 MP: 1/1
   135 | D:1      | Reached XP level 2. HP: 19/19 MP: 2/2
   745 | D:2      | Reached XP level 3. HP: 24/24 MP: 3/3
  1814 | D:3      | Reached XP level 4. HP: 17/29 MP: 4/4
  1814 | D:3      | Found a glowing drain.
  1825 | Sewer    | Entered a sewer
  2234 | Sewer    | Noticed a bullfrog
  2247 | Sewer    | Killed a bullfrog
  2248 | Sewer    | Reached XP level 5. HP: 21/33 MP: 5/5
  3292 | D:3      | Found a blossoming altar of Fedhas.
  3294 | D:3      | Found a shimmering blue altar of Sif Muna.
  3306 | D:3      | Found a glowing golden altar of the Shining One.
  3353 | D:3      | Found a white marble altar of Elyvilon.
  3545 | D:4      | Reached XP level 6. HP: 35/38 MP: 6/6
  3655 | D:4      | Noticed Edmund
  3659 | D:4      | Noticed Natasha
  3667 | D:4      | Slain by Edmund

Illustrated notes

Levels and vault maps discovered:
D:1:      beargit_arrival_diablo_church, layout_basic
D:2:      layout_loops_ring
D:3:      layout_basic, grunt_temple_overflow_open, portal_sewer_entry_d,
          minmay_box_of_dots
D:4:      layout_basic, uniq_natasha, uniq_edmund, uniq_sigmund

Skill      XL: |  1  2  3  4  5  6 |
---------------+-------------------+-----
Axes           | 2 3 4 |  4.0
Armour         | 4 |  4.7
Fighting       | 4 |  4.1
Shields        | |  3.9

Action                   |  1- 3 |  4- 6 || total
-------------------------+-------+-------++-------
Melee: War axe           |   114 |   118 ||   232
  Use: Scroll            |     8 |     1 ||     9
       Potion            |       |     3 ||     3
Armor: Scale mail        |    71 |    40 ||   111
       Chain mail        |       |    47 ||    47
Dodge: Dodged            |    58 |    57 ||   115
Block: Buckler           |    21 |    38 ||    59

Table legend: (Time is in decaauts)
 A = Elapsed time spent in this place.
 B = Non-inter-level travel time spent in this place.
 C = Inter-level travel time spent in this place.
 D = Time resting spent in this place.
 E = Time spent auto-exploring this place.
 F = Levels seen in this place.
 G = Mean time per level.
                   A        B        C        D        E       F      G
               +--------+--------+--------+--------+--------+-----+--------+
         Total |   3875 |   3864 |     11 |    790 |   2108 |   5 |  775.0 |
       Dungeon |   2746 |   2735 |     11 |    443 |   1711 |   4 |  686.5 |
         Sewer |   1129 |   1129 |      0 |    347 |    397 |   1 | 1129.0 |
               +--------+--------+--------+--------+--------+-----+--------+

Top non-repeatable levels by time:
   Sewer: 1129 daAuts
     D:3: 1000 daAuts
     D:2: 863 daAuts
     D:1: 746 daAuts
     D:4: 136 daAuts
